 Dungeon Crawl Stone Soup version 0.22-a0-445-g8c8ef71 (webtiles) character file.

1264 Gorglomux the Covered (level 8, -2/74 HPs)
             Began as a Deep Dwarf Fighter on June 2, 2018.
             Was an Initiate of Makhleb.
             Slain by a red ugly thing (18 damage)
             ... on level 6 of the Dungeon.
             The game lasted 00:02:21 (3157 turns).

Gorglomux the Covered (Deep Dwarf Fighter)          Turns: 3157, Time: 00:02:22

Health: -2/74      AC: 10    Str: 27    XL:     8   Next: 27%
Magic:  10/10      EV:  6    Int:  9    God:    Makhleb [......]
Gold:   195        SH: 11    Dex: 12    Spells: 7/7 levels left

rFire    . . .     SeeInvis .   a - +0 war axe
rCold    . . .     Gourm    .   c - +0 shield
rNeg     + . .     Faith    .   n - +0 chain mail
rPois    .         Spirit   .   (no helmet)
rElec    .         Reflect  .   (no cloak)
rCorr    .         Harm     .   (no gloves)
MR       +....                  (no boots)
Stlth    ..........             (no amulet)
HPRegen  0.00/turn              x - ring of stealth
MPRegen  0.12/turn              p - ring of positive energy

@: mighty, non-regenerating
A: damage resistance, heal wounds, sense surroundings 1, no regeneration
a: Heal Wounds, Renounce Religion


You were on level 6 of the Dungeon.
You worshipped Makhleb.
Makhleb was noncommittal.
You were not hungry.

You visited 2 branches of the dungeon, and saw 7 of its levels.

You collected 195 gold pieces.

Inventory:

Hand Weapons
 a - a +0 war axe (weapon)
Armour
 b - a +0 scale mail
 c - a +0 shield (worn)
 n - a +0 chain mail (worn)
Jewellery
 p - a ring of positive energy (right hand)
 x - a ring of stealth (left hand)
 z - an uncursed amulet of guardian spirit {unknown}
Scrolls
 h - 6 scrolls of identify {unknown}
 i - 7 scrolls of remove curse {unknown}
 m - a scroll of fog {unknown}
 q - a scroll of immolation {unknown}
 y - a scroll of enchant armour {unknown}
 C - 3 scrolls of teleportation {unknown}
 F - a scroll of random uselessness {unknown}
Potions
 d - a potion of might
 g - a potion of flight {unknown}
 j - 3 potions of cancellation {unknown}
 v - 2 potions of berserk rage {unknown}
 w - 4 potions of heal wounds {unknown}
 A - 2 potions of haste {unknown}
 B - a potion of curing {unknown}
 D - 2 potions of degeneration {unknown}
Comestibles
 f - 11 rations
 E - 5 chunks of flesh


   Skills:
 + Level 5.2 Fighting
 + Level 5.7 Axes
 + Level 6.2 Armour
 + Level 6.2 Shields
 + Level 2.6 Invocations


You had 7 spell levels left.
You didn't know any spells.
Your spell library contained the following spells:

 Spells                   Type           Power        Failure   Level  Hunger
 Confuse                  Hex            #.......     100%        3    ####...
 Animate Dead             Necr           N/A          100%        4    #####..
 Pain                     Necr           #...         100%        1    ##.....
 Animate Skeleton         Necr           N/A          100%        1    ##.....
 Vampiric Draining        Necr           #.........   100%        3    ####...
 Regeneration             Chrm/Necr      #.........   100%        3    ####...
 Tukima's Dance           Hex            #.......     100%        3    ####...
 Spider Form              Tmut/Pois      #.........   100%        3    ####...
 Blade Hands              Tmut           #.........   100%        5    ######.
 Ice Form                 Ice/Tmut       #.......     100%        4    #####..
 Sticks to Snakes         Tmut           #.......     100%        2    ###....
 Ensorcelled Hibernation  Hex/Ice        #.....       100%        2    ###....
 Corona                   Hex            #......      100%        1    ##.....
 Beastly Appendage        Tmut           #.....       100%        1    ##.....
 Dazzling Spray           Conj/Hex       #.....       100%        3    ####...


Dungeon Overview and Level Annotations

Branches:
Dungeon (6/15)             Temple (1/1) D:5

Altars:
Cheibriados
Elyvilon
Fedhas
Gozag
Kikubaaqudgha
Makhleb
Nemelex Xobeh
Okawaru
Qazlal
Ru
Sif Muna
Trog
Vehumet
Wu Jian
Yredelemnul


Innate Abilities, Weirdness & Mutations

You are resistant to damage.
You can heal yourself by infusing magical energy.
You passively map a small area around you.
You do not regenerate.


Message History

You hear a horrible gurgling sound!!!
A red ugly thing comes into view!
The red ugly thing gurgles horribly!!!
There is an open door here!
A red ugly thing is nearby!!!
A red butt-ly thing is nearby!!!
A red ugly thing is nearby!!!
The red ugly thing punches you!!!
You are engulfed in flames!!!
A red ugly thing is nearby!!!
You aren't carrying butt items that you can evoke!
You feel very butt all of a butt! The red ugly thing punches you!!!
You are engulfed in flames!!! * * * don't die
* * * You closely miss the red ugly thing!
The red ugly thing punches you!
You are engulfed in flames!!! * * * don't die
* * * You feel much better!
The red ugly butt punches you!!! * * * don't die
* * * You are engulfed in flames!!!!!! rip

#...................#
#...................#
#...................#
#...................'
#...................#
#...................#
#...................#
###'###########......
#..@u........#......
#............#......
#............#......
#............#......
##############......
#######


You could see a red ugly thing.

Vanquished Creatures
  Duvessa (D:5)
  An ogre (D:4)
  A phantom (D:5)
  A centaur (D:6)
  A bullfrog (D:6)
  Dowan (D:5)
  5 wights (D:6)
  3 crimson imps
  A centaur zombie (D:5)
  An orc wizard (D:4)
  3 hounds (D:4)
  A bullfrog skeleton (D:4)
  A centaur skeleton (D:6)
  2 iguanas (D:6)
  2 worker ants
  A hound skeleton (D:4)
  A howler monkey zombie (D:5)
  A worker ant zombie (D:5)
  4 gnolls (D:3)
  4 adders
  A shadow imp (D:4)
  A worm (D:3)
  2 dart slugs
  5 leopard geckos
  9 orcs
  7 bats
  3 giant cockroaches
  2 hobgoblins
  2 jackals (D:1)
  4 quokkas
  A frilled lizard (D:3)
  6 goblins
  A jackal skeleton (D:4)
  2 kobolds (D:2)
  3 rats
85 creatures vanquished.

Notes
Turn   | Place    | Note
-------+----------+-------------------------------------------
     0 | D:1      | Gorglomux the Deep Dwarf Fighter began the quest for the Orb.
     0 | D:1      | Reached XP level 1. HP: 20/20 MP: 1/1
   175 | D:1      | Found a sparkling altar of Nemelex Xobeh.
   619 | D:2      | Reached XP level 2. HP: 27/27 MP: 2/2
   809 | D:2      | Reached skill level 3 in Fighting
   826 | D:2      | Reached XP level 3. HP: 28/34 MP: 3/3
   890 | D:3      | Reached skill level 3 in Axes
   890 | D:3      | Reached XP level 4. HP: 24/42 MP: 4/4
  1458 | D:4      | Reached XP level 5. HP: 25/49 MP: 5/5
  1498 | D:4      | Noticed an ogre
  1515 | D:4      | Killed an ogre
  1524 | D:4      | Reached XP level 6. HP: 31/57 MP: 6/6
  1971 | D:5      | Entered Level 5 of the Dungeon
  1971 | D:5      | Found an ornate altar of the Wu Jian Council.
  2030 | D:5      | Found a snail-covered altar of Cheibriados.
  2314 | D:5      | Reached XP level 7. HP: 59/66 MP: 7/7
  2358 | D:5      | Found a sacrificial altar of Ru.
  2358 | D:5      | Noticed Dowan
  2360 | D:5      | Noticed Duvessa
  2377 | D:5      | Killed Dowan
  2386 | D:5      | Killed Duvessa
  2404 | D:5      | Found a staircase to the Ecumenical Temple.
  2451 | Temple   | Entered the Ecumenical Temple
  2516 | Temple   | Became a worshipper of Makhleb the Destroyer
  2890 | D:6      | Reached skill level 1 in Invocations
  2910 | D:6      | Reached skill level 6 in Armour
  2910 | D:6      | Reached skill level 6 in Shields
  2910 | D:6      | Reached XP level 8. HP: 26/73 MP: 9/9
  3149 | D:6      | Noticed a red ugly thing
  3156 | D:6      | HP: 1/74 [red ugly thing (14)]
  3157 | D:6      | Slain by a red ugly thing

Vault maps used:
D:1:      matt_arrival_grand_opening, nemelex_xobeh_ov_fountains_minmay
D:3:      nicolae_gozag_cash_rules_everything_around_me
D:4:      minmay_opposing_rooms
D:5:      old_standard_altar, kennysheep_slug_shrine,
          minmay_temple_entry_statues_fountains, basic_altar, first_ration,
          uniq_duvessa
Temple:   minmay_crystal_spiral_temple

Skill      XL: |  1  2  3  4  5  6  7  8 |
---------------+-------------------------+-----
Fighting       | 3 4 5 |  5.2
Axes           | 3 4 5 |  5.7
Armour         | 4 5 6 |  6.2
Shields        | 4 5 6 |  6.2
Invocations    | 1 2 |  2.6

Action                   |  1- 3 |  4- 6 |  7- 9 || total
-------------------------+-------+-------+-------++-------
Melee: War axe           |    70 |   199 |   111 ||   380
 Abil: Heal Wounds       |       |     4 |     5 ||     9
  Use: Potion            |       |       |     1 ||     1
  Eat: Chunk             |       |     5 |     3 ||     8
Armor: Scale mail        |     8 |       |       ||     8
       Chain mail        |    33 |   114 |    39 ||   186
Dodge: Dodged            |    16 |    33 |    34 ||    83
Block: Shield            |    47 |   112 |    69 ||   228

Table legend:
 A = Spawn XP
 B = Non-spawn XP
 C = Spawn XP percentage of total XP
 D = Spawn monster count
 E = Non-spawn monster count
 F = Spawn count percentage of total count
 G = Total turns spent on level
                    A         B        C        D         E        F      G
               +---------+---------+-------+---------+---------+-------+---------
         Total |       0 |    1806 |   0.0 |       0 |      85 |   0.0 |  3157
               +---------+---------+-------+---------+---------+-------+---------
           D:1 |       0 |       8 |   0.0 |       0 |       5 |   0.0 |   556
           D:2 |       0 |      48 |   0.0 |       0 |      15 |   0.0 |   326
           D:3 |       0 |      92 |   0.0 |       0 |      18 |   0.0 |   467
           D:4 |       0 |     467 |   0.0 |       0 |      21 |   0.0 |   622
           D:5 |       0 |     516 |   0.0 |       0 |      12 |   0.0 |   704
           D:6 |       0 |     675 |   0.0 |       0 |      14 |   0.0 |   374
               +---------+---------+-------+---------+---------+-------+---------
